% Time on Ice - ANCHORAGE ACES
Lines # - Real PCT - Wanted PCT - Time Play
Normal Forward
1 - 34% - 34% - 17:36
2 - 29% - 32% - 15:17
3 - 15% - 22% - 7:45
4 - 22% - 12% - 11:26
Normal Defense
1 - 33% - 36% - 17:25
2 - 36% - 34% - 18:47
3 - 25% - 22% - 13:02
4 - 5% - 8% - 2:50
PP Forward
1 - 61% - 50% - 2:25
2 - 39% - 50% - 1:33
PP Defense
1 - 47% - 50% - 1:52
2 - 53% - 50% - 2:06
PK Forward
1 - 49% - 50% - 0:58
2 - 51% - 50% - 1:01
PK Defense
1 - 62% - 50% - 1:14
2 - 38% - 50% - 0:45
PK3 Forward
1 - 0% - 55%
2 - 0% - 45%
PK3 Defense
1 - 0% - 55%
2 - 0% - 45%
44 Forward
1 - 23% - 50% - 0:27
2 - 77% - 50% - 1:32
44 Defense
1 - 46% - 55% - 0:55
2 - 54% - 45% - 1:04
Last Minute Offensive  - 0:00
Last Minute Defensive  - 0:00
Total
Forward - 60:00
Defense - 60:00
% Time on Ice - SPOKANE KNIGHTS
Lines # - Real PCT - Wanted PCT - Time Play
Normal Forward
1 - 36% - 40% - 19:00
2 - 21% - 20% - 11:02
3 - 22% - 20% - 11:17
4 - 21% - 20% - 10:45
Normal Defense
1 - 29% - 25% - 14:54
2 - 18% - 25% - 9:30
3 - 34% - 25% - 17:56
4 - 19% - 25% - 9:44
PP Forward
1 - 50% - 60% - 0:59
2 - 50% - 40% - 1:00
PP Defense
1 - 100% - 60% - 1:59
2 - 0% - 40% - 0:00
PK Forward
1 - 54% - 50% - 2:09
2 - 46% - 50% - 1:49
PK Defense
1 - 40% - 60% - 1:35
2 - 60% - 40% - 2:23
PK3 Forward
1 - 0% - 60%
2 - 0% - 40%
PK3 Defense
1 - 0% - 60%
2 - 0% - 40%
44 Forward
1 - 49% - 50% - 0:58
2 - 51% - 50% - 1:01
44 Defense
1 - 100% - 60% - 1:59
2 - 0% - 40% - 0:00
Last Minute Offensive  - 0:00
Last Minute Defensive  - 0:00
Total
Forward - 60:00
Defense - 60:00
Play-by-Play 1st period 0:01 of 1st period - Joseph Veleno wins face-off versus Connor McDavid in neutral zone. 0:20 of 1st period - Shot by Nathan MacKinnon. 0:20 of 1st period - Stopped by Frederik Andersen without a rebound. 0:21 of 1st period - Phillip Danault wins face-off versus Mitchell Stephens in SPOKANE KNIGHTS zone. 0:30 of 1st period - Shot by Chris Kreider. 0:30 of 1st period - Shot Misses the Net. 0:41 of 1st period - Brady Tkachuk is hit by Ryan Pulock and loses puck. 1:01 of 1st period - Icing by Ryan Pulock. 1:02 of 1st period - Luke Glendening wins face-off versus Phillip Danault in ANCHORAGE ACES zone. 1:04 of 1st period - Nick Foligno is hit by Jani Hakanpaa and loses puck. 1:15 of 1st period - Shot by Chris Kreider. 1:15 of 1st period - Shot Blocked by Michael Stone. 1:17 of 1st period - Shot by Jani Hakanpaa. 1:17 of 1st period - Stopped by Frederik Andersen without a rebound. 1:18 of 1st period - Conor Sheary wins face-off versus Kevin Stenlund in SPOKANE KNIGHTS zone. 1:19 of 1st period - Shot by Joshua Norris. 1:19 of 1st period - Goal by Joshua Norris - ANCHORAGE ACES : 1 - SPOKANE KNIGHTS : 0. 1:20 of 1st period - Kevin Stenlund wins face-off versus Joshua Norris in neutral zone. 1:37 of 1st period - Kevin Stenlund is hit by Ryan Lomberg and loses puck. 1:43 of 1st period - Off-side. 1:44 of 1st period - Joseph Veleno wins face-off versus Connor McDavid in neutral zone. 1:52 of 1st period - Nathan MacKinnon is hit by Nicolas Deslauriers and loses puck. 1:53 of 1st period - Nathan MacKinnon from ANCHORAGE ACES is injured at 1:53 of 1st period (Upper Body). 1:54 of 1st period - Loui Eriksson wins face-off versus Nick Foligno in SPOKANE KNIGHTS zone. 1:54 of 1st period - Loui Eriksson is hit by Nicolas Deslauriers. 2:24 of 1st period - Shot by Nick Foligno. 2:24 of 1st period - Stopped by Darcy Kuemper without a rebound. 2:25 of 1st period - Connor McDavid wins face-off versus Joseph Veleno in ANCHORAGE ACES zone. 2:30 of 1st period - Shot by Seth Jones. 2:30 of 1st period - Shot Misses the Net. 2:49 of 1st period - Connor McDavid is hit by Evan Bouchard and loses puck. 3:07 of 1st period - Shot by Nikolaj Ehlers. 3:07 of 1st period - Deflect By Connor McDavid. 3:07 of 1st period - Stopped by Frederik Andersen without a rebound. 3:08 of 1st period - Kevin Stenlund wins face-off versus Phillip Danault in SPOKANE KNIGHTS zone. 3:10 of 1st period - Icing by Quinton Byfield. 3:11 of 1st period - Phillip Danault wins face-off versus Kevin Stenlund in SPOKANE KNIGHTS zone. 3:12 of 1st period - Shot by Jonathan Audy-Marchessault. 3:12 of 1st period - Shot Misses the Net. 3:39 of 1st period - Shot by Phillip Danault. 3:39 of 1st period - Shot Blocked by Michael Stone. 4:17 of 1st period - Corey Perry is hit by Jack Johnson and loses puck. 4:36 of 1st period - Shot by Ryan Ellis. 4:36 of 1st period - Stopped by Darcy Kuemper without a rebound. 4:37 of 1st period - Joshua Norris wins face-off versus Joseph Veleno in ANCHORAGE ACES zone. 5:37 of 1st period - Connor McDavid is hit by Erik Brannstrom. 5:45 of 1st period - Connor McDavid is hit by Joseph Veleno and loses puck. 6:10 of 1st period - Shot by Connor McDavid. 6:10 of 1st period - Stopped by Frederik Andersen without a rebound. 6:11 of 1st period - Connor McDavid wins face-off versus Kevin Stenlund in SPOKANE KNIGHTS zone. 6:16 of 1st period - Shot by Connor McDavid. 6:16 of 1st period - Shot Blocked by Ryan Ellis. 6:40 of 1st period - Shot by Loui Eriksson. 6:40 of 1st period - Shot Misses the Net. 6:59 of 1st period - Shot by Jonathan Audy-Marchessault. 6:59 of 1st period - Shot Misses the Net. 7:01 of 1st period - Shot by Alex Goligoski. 7:01 of 1st period - Shot Misses the Net. 7:09 of 1st period - Shot by Phillip Danault. 7:09 of 1st period - Stopped by Frederik Andersen with a rebound. 7:11 of 1st period - Shot by Jonathan Audy-Marchessault. 7:11 of 1st period - Shot Blocked by Ryan Ellis. 8:09 of 1st period - Shot by Luke Glendening. 8:09 of 1st period - Stopped by Darcy Kuemper without a rebound. 8:10 of 1st period - Carter Rowney wins face-off versus Mitchell Stephens in ANCHORAGE ACES zone. 8:36 of 1st period - Loui Eriksson is hit by Corey Perry and loses puck. 8:41 of 1st period - Shot by Evan Bouchard. 8:41 of 1st period - Shot Misses the Net. 9:04 of 1st period - Icing by Evan Bouchard. 9:05 of 1st period - Mitchell Stephens wins face-off versus Connor McDavid in SPOKANE KNIGHTS zone. 9:40 of 1st period - Michael Stone is hit by Ryan Lomberg and loses puck. 10:55 of 1st period - Jonathan Audy-Marchessault is hit by Erik Brannstrom and loses puck. 11:03 of 1st period - Icing by Evan Bouchard. 11:04 of 1st period - Quinton Byfield wins face-off versus Carter Rowney in SPOKANE KNIGHTS zone. 11:04 of 1st period - Quinton Byfield is hit by Andrew Ladd. 11:10 of 1st period - Andrew Ladd is hit by Nick Bjugstad and loses puck. 11:23 of 1st period - Shot by Loui Eriksson. 11:23 of 1st period - Stopped by Frederik Andersen without a rebound. 11:24 of 1st period - Mitchell Stephens wins face-off versus Connor McDavid in SPOKANE KNIGHTS zone. 11:55 of 1st period - Shot by Brady Tkachuk. 11:55 of 1st period - Stopped by Darcy Kuemper without a rebound. 11:56 of 1st period - Carter Rowney wins face-off versus Joseph Veleno in ANCHORAGE ACES zone. 11:56 of 1st period - Carter Rowney is hit by Dylan Guenther. 12:16 of 1st period - Minor Penalty to Evan Bouchard for Slashing. 12:17 of 1st period - Luke Glendening wins face-off versus Connor McDavid in SPOKANE KNIGHTS zone. 12:34 of 1st period - Icing by Connor McDavid. 12:35 of 1st period - Luke Glendening wins face-off versus Connor McDavid in ANCHORAGE ACES zone. 12:36 of 1st period - Shot by Brady Tkachuk. 12:36 of 1st period - Shot Misses the Net. 12:55 of 1st period - Connor McDavid is hit by Nicolas Deslauriers and loses puck. 13:15 of 1st period - Shot by Chris Kreider. 13:15 of 1st period - Shot Misses the Net. 13:45 of 1st period - Shot by Phillip Danault. 13:45 of 1st period - Shot Blocked by Jacob Larsson. 13:47 of 1st period - Shot by Jonathan Audy-Marchessault. 13:47 of 1st period - Stopped by Frederik Andersen with a rebound. 13:49 of 1st period - Shot by Phillip Danault. 13:49 of 1st period - Shot Blocked by Jacob Larsson. 14:01 of 1st period - Shot by Jonathan Audy-Marchessault. 14:01 of 1st period - Shot Misses the Net. 14:03 of 1st period - Shot by Phillip Danault. 14:03 of 1st period - Shot Misses the Net. 14:57 of 1st period - Connor McDavid is hit by Alex Formenton and loses puck. 15:15 of 1st period - Nikolaj Ehlers is hit by Evan Bouchard and loses puck. 16:35 of 1st period - Ryan Lomberg is hit by Nicolas Deslauriers and loses puck. 17:04 of 1st period - Shot by Corey Perry. 17:04 of 1st period - Stopped by Darcy Kuemper without a rebound. 17:05 of 1st period - Connor McDavid wins face-off versus Luke Glendening in ANCHORAGE ACES zone. 17:57 of 1st period - Icing by Nikolaj Ehlers. 17:58 of 1st period - Joseph Veleno wins face-off versus Connor McDavid in ANCHORAGE ACES zone. 18:13 of 1st period - Shot by Joseph Veleno. 18:13 of 1st period - Shot Misses the Net. 18:19 of 1st period - Shot by Alex Formenton. 18:19 of 1st period - Shot Misses the Net. Goals for this period are 1 for ANCHORAGE ACES vs 0 for SPOKANE KNIGHTS. Shots for this period are 8 for ANCHORAGE ACES vs 5 for SPOKANE KNIGHTS. 2nd period 0:01 of 2nd period - Joseph Veleno wins face-off versus Phillip Danault in neutral zone. 0:18 of 2nd period - Shot by Jonathan Audy-Marchessault. 0:18 of 2nd period - Stopped by Frederik Andersen without a rebound. 0:19 of 2nd period - Luke Glendening wins face-off versus Ryan Lomberg in SPOKANE KNIGHTS zone. 0:19 of 2nd period - Luke Glendening is hit by Ryan Lomberg. 0:26 of 2nd period - Zachary Sanford is hit by Alex Goligoski and loses puck. 0:29 of 2nd period - Shot by Zachary Sanford. 0:29 of 2nd period - Stopped by Darcy Kuemper without a rebound. 0:30 of 2nd period - Jonathan Audy-Marchessault wins face-off versus Alex Formenton in ANCHORAGE ACES zone. 0:30 of 2nd period - Jonathan Audy-Marchessault is hit by Joseph Veleno. 0:52 of 2nd period - Shot by Chris Kreider. 0:52 of 2nd period - Shot Misses the Net. 0:54 of 2nd period - Shot by Jonathan Audy-Marchessault. 0:54 of 2nd period - Stopped by Frederik Andersen without a rebound. 0:55 of 2nd perio